 Dungeon Crawl Stone Soup version 0.28-a0-983-g1de4e0787c (webtiles) character file.

Game seed: 7103399206120112910

163 rikuthemoon the Cudgeller (level 5, -4/33 HPs)
             Began as a Gargoyle Berserker on Dec 2, 2021.
             Was a Believer of Trog.
             Killed by divine providence
             ... invoked by an orc priest
              (10 damage)
             ... on level 3 of the Dungeon.
             The game lasted 00:07:47 (4133 turns).

rikuthemoon the Cudgeller (Gargoyle Berserker)      Turns: 4133, Time: 00:07:48

Health: -4/33      AC: 15    Str: 23    XL:     5   Next: 44%
Magic:  5/5        EV:  7    Int:  7    God:    Trog [**....]
Gold:   55         SH:  0    Dex:  9    Spells: 4/4 levels left

rFire   + . .      SeeInvis .   a - +0 mace
rCold   . . .      Faith    .   (no shield)
rNeg    + . .      Spirit   .   g - +0 plate armour
rPois   ∞          Reflect  .   (no helmet)
rElec   +          Harm     .   (no cloak)
rCorr   .          Rampage  .   (no gloves)
Will    .....                   (no boots)
Stlth   ..........              (no amulet)
HPRegen 0.11/turn               h - ring of protection from fire
MPRegen 0.09/turn               (no ring)

@: on berserk cooldown, slowed, very slow
A: sickness immunity, AC +4, negative energy resistance 1, electricity
resistance, torment resistance 1, petrification resistance
a: Renounce Religion, Berserk, Trog's Hand


You were on level 3 of the Dungeon.
You worshipped Trog.
Trog was pleased with you.
You visited 1 branch of the dungeon, and saw 3 of its levels.

You collected 55 gold pieces.

Inventory:

Hand Weapons
 a - a +0 mace (weapon)
Missiles
 d - 174 stones (quivered)
Armour
 g - a +0 plate armour (worn)
Jewellery
 h - a ring of protection from fire (left hand)
 k - a ring of fire
Wands
 m - a wand of mindburst (15)
Scrolls
 c - a scroll of amnesia {unknown}
 p - a scroll of fear {unknown}
Potions
 b - 2 potions of curing {unknown}
 e - 2 potions of lignification
 f - a potion of mutation
 i - a potion of invisibility {unknown}
 j - a potion of flight {unknown}
 l - a potion of heal wounds {unknown}
 n - a potion of might {unknown}
 o - a potion of resistance {unknown}


   Skills:
 + Level 4.3 Fighting
 + Level 4.7 Maces & Flails
 + Level 3.4 Armour
 - Level 1.5 Dodging


You had 4 spell levels left.
You didn't know any spells.
Your spell library was empty.

Dungeon Overview and Level Annotations

Branches:
Dungeon (3/15)

Altars:

Shops:
D:2 [!   D:3 (:

Annotations:
D:3 1 runed translucent door, Crazy Yiuf


Innate Abilities, Weirdness & Mutations

You are immune to sickness and miasma.
Your stone body is resilient. (AC +4)
You are immune to poison.
You resist negative energy. (rN+)
You are resistant to electric shocks. (rElec)
You are resistant to unholy torment.
You are immune to petrification.


Message History

a +0 mace; a +0 leather armour
Things that are here:
a +0 mace; a +0 leather armour
Found an escape hatch in the floor.
Found a mace.
Found a runed translucent door.
Crazy Yiuf shouts!
Found Ruhijic's Weapon Shoppe.
Found a human corpse.
Found a club.
There is an entrance to Ruhijic's Weapon Shoppe here.
An orc and an orc priest come into view.
The orc shouts!
The orc priest looks braver for a moment.
An orc wizard comes into view. It is wielding a +0 dagger.
The orc wizard shouts!
An orc comes into view.
It is wielding a +1 dagger of protection.
The orc shouts!
The orc wizard mumbles some strange words.
The orc wizard flickers and vanishes!
Deactivating autopickup; reactivate with Ctrl-A.
The orc priest invokes the aid of Beogh against you.
Beogh smites you!
A red film seems to cover your vision as you go berserk!
You feel yourself moving faster!
You feel mighty!
The orc priest calls down the wrath of Beogh upon you.
Beogh smites you!
You are too injured to fight recklessly!
You are too injured to fight recklessly!
You feel a strong urge to attack something.
The orc priest calls down the wrath of Beogh upon you.
Beogh smites you!
* * * LOW HITPOINT WARNING * * *
You feel your anger nearly subside.
You are no longer berserk.
You are exhausted.
You feel yourself slow down.
You closely miss the orc. The orc hits you but does no damage.
The orc priest calls down the wrath of Beogh upon you.
Beogh smites you!
You die...

#...........##
#.....#........#
#...........#
#.....#.##..#.##
##########+##
#.....#.##..#...
#.....#.########
#.o...#.# #..
#.....#.######.#
#.o...#........#
#####.....#######..#
#..@oo....# #.....
#.####.########.#...
##...##..............
###.....##########.#.##
#..).....# #.#.#.#
#....∩...#### #.#.#.#
#..............#
#.#...##
#.##.#...†.###.#
#.###... . #.##...##
#.# #.# #.##


You could see an orc priest and 2 orcs.

Vanquished Creatures
  A water moccasin zombie (D:3)
  Natasha (D:3)
  2 adders
  A worm (D:3)
  3 dart slugs (D:3)
  2 orcs (D:3)
  7 ball pythons
  4 endoplasms
  A giant cockroach (D:1)
  5 goblins
  4 hobgoblins
  A quokka (D:3)
  3 bats
  3 frilled lizards
  9 kobolds
  8 rats
55 creatures vanquished.

Vanquished Creatures (others)
  8 fungi (D:3)
  2 plants (D:3)
10 creatures vanquished.

Grand Total: 65 creatures vanquished

Notes
Turn   | Place    | Note
-------+----------+-------------------------------------------
     0 | D:1      | rikuthemoon the Gargoyle Berserker began the quest for the
                  | Orb.
     0 | D:1      | Reached XP level 1. HP: 14/14 MP: 1/1
   313 | D:1      | Reached XP level 2. HP: 9/19 MP: 2/2
  1171 | D:2      | Reached XP level 3. HP: 12/24 MP: 3/3
  1490 | D:2      | Found Ceimyet's Distillery.
  1679 | D:2      | Found Potzaet's Armour Boutique.
  2310 | D:2      | Reached ** piety under Trog
  3233 | D:3      | Reached XP level 4. HP: 29/29 MP: 4/4
  3394 | D:3      | Noticed Natasha
  3399 | D:3      | Killed Natasha
  3583 | D:3      | Reached XP level 5. HP: 20/33 MP: 5/5
  3774 | D:3      | Found Baxtilib's Book Emporium.
  4026 | D:3      | Found a runed translucent door.
  4027 | D:3      | Noticed Crazy Yiuf
  4111 | D:3      | Found Ruhijic's Weapon Shoppe.
  4133 | D:3      | Killed from afar by an orc priest

Illustrated notes

Levels and vault maps discovered:
D:1:      pf_arrival_petrified_forest, layout_loops_cross, hex_medium
D:2:      minmay_evil_eye, layout_basic, serial_shops,
          nicolae_shop_hallway_stairs, shop
D:3:      layout_basic, shapermc_ecumenical_altar_hornbeckon, serial_shops,
          nicolae_shop_stone, nicolae_shop_bloodbath_and_beyond,
          uniq_crazy_yiuf_cottage, uniq_natasha

Skill      XL: |  1  2  3  4 |
---------------+-------------+-----
Fighting       | 4 |  4.3
Maces & Flails | 4 |  4.7
Armour         | 3 |  3.4
Dodging        | |  1.5

Action                   |  1- 3 |  4- 6 || total
-------------------------+-------+-------++-------
Melee: Mace              |   150 |    59 ||   209
Invok: Berserk           |     2 |     1 ||     3
  Use: Scroll            |     3 |       ||     3
Armor: Animal skin       |    18 |       ||    18
       Plate armour      |    80 |    46 ||   126
Dodge: Dodged            |    62 |    20 ||    82

Table legend: (Time is in decaauts)
 A = Elapsed time spent in this place.
 B = Non-inter-level travel time spent in this place.
 C = Inter-level travel time spent in this place.
 D = Time resting spent in this place.
 E = Time spent auto-exploring this place.
 F = Levels seen in this place.
 G = Mean time per level.
                   A        B        C        D        E       F      G
               +--------+--------+--------+--------+--------+-----+--------+
         Total |   4190 |   3882 |    308 |    729 |   2659 |   3 | 1396.7 |
       Dungeon |   4190 |   3882 |    308 |    729 |   2659 |   3 | 1396.7 |
               +--------+--------+--------+--------+--------+-----+--------+

Top non-repeatable levels by time:
     D:2: 1925 daAuts
     D:1: 1154 daAuts
     D:3: 1111 daAuts
